 Dungeon Crawl Stone Soup version 0.31-a0-145-g046c7d2549 (webtiles) character file.

Game seed: 7355131811820845087

390 mopl the Digger (level 6, -9/41 (47) HPs)
             Began as a Draconian Earth Elementalist on June 5, 2023.
             Mangled by a wight
             ... wielding a +3 great sword
              (13 damage)
             ... on level 4 of the Dungeon.
             The game lasted 00:04:37 (3419 turns).

mopl the Digger (Draconian Earth Elementalist)      Turns: 3419, Time: 00:04:38

HP:   -9/41 (47)    AC:  8    Str: 11    XL:     6   Next: 50%
MP:   20/21         EV: 12    Int: 17    God:
Gold: 122           SH:  0    Dex: 11    Spells: 12/13 levels left

rFire   . . .        (no weapon)
rCold   . . .        (no shield)
rNeg    . . .        (body armour unavailable)
rPois   .            (helmet restricted)
rElec   .            s - +0 cloak
rCorr   .            v - +0 pair of gloves
SInv    .            (no boots)
Will    .....        c - amulet of magic regeneration
Stlth   ++           n - ring of magical power
HPRegen 0.26/turn    (no ring)
MPRegen 0.57/turn

%: no passive effects
@: heavily drained
A: AC +6, unfitting armour, cold-blooded
a: no special abilities


You were on level 4 of the Dungeon.
You visited 1 branch of the dungeon, and saw 4 of its levels.

You collected 122 gold pieces.

Inventory:

Missiles
 h - 2 poisoned darts
 t - 6 datura-tipped darts
Armour
 s - a +0 cloak (worn)
 v - a +0 pair of gloves (worn)
Jewellery
 c - an amulet of magic regeneration (around neck)
 d - an amulet of reflection
 l - an amulet of the acrobat
 n - a ring of magical power (left hand)
Wands
 g - a wand of flame (15)
Scrolls
 f - 2 scrolls of vulnerability {unknown}
 i - a scroll of amnesia {unknown}
 j - 3 scrolls of identify {unknown}
 k - a scroll of blinking {unknown}
 m - a scroll of fog {unknown}
 o - a scroll of enchant armour {unknown}
 p - a scroll of immolation {unknown}
 r - 4 scrolls of teleportation {unknown}
 w - a scroll of enchant weapon {unknown}
Potions
 a - a potion of magic
 b - 5 potions of curing {unknown}
 e - a potion of might {unknown}
 q - a potion of brilliance {unknown}
 u - a potion of heal wounds {unknown}


   Skills:
 + Level 1.2 Fighting
 - Level 1.7 Dodging
 - Level 2.0 Stealth
 * Level 4.1 Spellcasting
 + Level 2.8 Transmutations
 * Level 5.1 Earth Magic


You had 12 spell levels left.
You knew the following spells:

 Your Spells              Type           Power      Damage    Failure   Level
a - Sandblast             Erth           42%        2d11      1%          1

Your spell library contained the following spells:

 Spells                   Type           Power      Damage    Failure   Level
 Beastly Appendage        Tmut           26%        N/A       4%          1
 Passwall                 Tmut/Erth      14%        N/A       4%          2
 Wereblood                Tmut           13%        N/A       8%          2
 Apportation              Tloc           6%         N/A       16%         1
 Stone Arrow              Conj/Erth      24%        3d8       16%         3
 Lesser Beckoning         Tloc           6%         N/A       24%         2
 Spider Form              Tmut/Pois      8%         N/A       26%         3
 Petrify                  Tmut/Erth      17%        N/A       30%         4
 Gell's Gravitas          Tloc           3%         N/A       43%         3
 Teleport Other           Tloc           3%         N/A       43%         3
 Tukima's Dance           Hex            3%         N/A       43%         3
 Passage of Golubria      Tloc           3%         N/A       83%         4
 Alistair's Intoxication  Tmut/Pois      5%         N/A       94%         5
 Yara's Violent Unravell  Hex/Tmut       4%         3d4       94%         5


Dungeon Overview and Level Annotations

Branches:
Dungeon (4/15)
 Temple: D:4-7

Altars:
Sif Muna

Shops:
D:2 :


Innate Abilities, Weirdness & Mutations

Your plain brown scales are hard. (AC +6)
You cannot fit into any form of body armour.
You are cold-blooded and may be slowed by cold attacks.


Message History

The wight hits you with a +0 long sword.
Casting: Sandblast (safe; 1% risk of failure)
Confirm with . or Enter, or press ? or * to list all spells.
Aiming: Sandblast (safe; 1% risk of failure)
Press: ? - help, Shift-Dir - straight line, f - wight
Aim: a wight, wielding a +0 long sword, wearing a +0 robe and wearing a +6 ring of dexterity (83% to hit)
The blast of sand hits the wight.
The wight is moderately damaged.
The wight hits you with a +0 long sword.
Casting: Sandblast (safe; 1% risk of failure)
Confirm with . or Enter, or press ? or * to list all spells.
Aiming: Sandblast (safe; 1% risk of failure)
Press: ? - help, Shift-Dir - straight line, f/p - wight
Aim: a wight, wielding a +0 long sword, wearing a +0 robe and wearing a +6 ring of dexterity (moderately damaged, 83% to hit)
The blast of sand hits the wight!
The wight is severely damaged.
The wight hits you with a +0 long sword.
You feel drained. The wight closely misses you.
Casting: Sandblast (safe; 1% risk of failure)
Confirm with . or Enter, or press ? or * to list all spells.
Aiming: Sandblast (safe; 1% risk of failure)
Press: ? - help, Shift-Dir - straight line, f/p - wight
Aim: a wight, wielding a +0 long sword, wearing a +0 robe and wearing a +6 ring of dexterity (severely damaged, 83% to hit)
The blast of sand misses the wight.
The wight hits you with a +0 long sword!
The wight hits you with a +3 great sword.
You feel drained.
Casting: Sandblast (safe; 1% risk of failure)
Confirm with . or Enter, or press ? or * to list all spells.
Aiming: Sandblast (safe; 1% risk of failure)
Press: ? - help, Shift-Dir - straight line, f/p - wight
Aim: a wight, wielding a +0 long sword, wearing a +0 robe and wearing a +6 ring of dexterity (severely damaged, 83% to hit)
The blast of sand hits the wight!
You destroy the wight!
The wight hits you with a +3 great sword!
* * * LOW HITPOINT WARNING * * *
You feel drained.
* * * LOW HITPOINT WARNING * * *
The wight hits you with a +3 great sword!
You die...

### #.## #####..####
####.##.#....######
...#.#............###
...........##.......#
..##.....z###..#....###
.###.#....###<##@.....#
.######....#...)#z.#..#
..##.......#.....##...#
..##.............[....#
.....#.......####....#### ###
.##..#####...####....##.####.##
.....###.......##....##.#.....#
......##......................#
.............##............#.##


You could see a wight.

Vanquished Creatures
  4 wights
  A sleepcap (D:4)
  An iguana (D:4)
  4 gnolls (D:3)
  9 adders
  3 worms
  4 dart slugs
  An orc (D:3)
  4 ball pythons
  4 bats (D:2)
  2 endoplasms
  A giant cockroach (D:3)
  7 goblins
  5 hobgoblins
  4 jackals (D:4)
  2 quokkas (D:2)
  3 kobolds
  A rat (D:2)
60 creatures vanquished.

Notes
Turn   | Place    | Note
-------+----------+-------------------------------------------
     0 | D:1      | mopl the Draconian Earth Elementalist began the quest for
                  | the Orb.
     0 | D:1      | Reached XP level 1. HP: 14/14 MP: 3/3
   166 | D:1      | Found a faded altar of an unknown god.
   764 | D:2      | Reached XP level 2. HP: 20/20 MP: 3/5
   790 | D:2      | Reached skill level 2 in Stealth
  1105 | D:2      | Reached XP level 3. HP: 26/26 MP: 4/6
  1203 | D:2      | Found Ytaudu's Jewellery Shop.
  1357 | D:2      | Found Puvycs's Book Shop.
  1573 | D:3      | Reached XP level 4. HP: 33/33 MP: 8/8
  1584 | D:3      | Reached skill level 3 in Spellcasting
  1584 | D:3      | Reached skill level 4 in Earth Magic
  1586 | D:3      | Reached skill level 2 in Transmutations
  2127 | D:3      | Reached XP level 5. HP: 38/38 MP: 10/10
  2597 | D:4      | Found a shimmering blue altar of Sif Muna.
  2918 | D:4      | Reached XP level 6. HP: 44/46 MP: 11/11
  3005 | D:4      | Reached skill level 1 in Fighting
  3005 | D:4      | Reached skill level 4 in Spellcasting
  3005 | D:4      | Reached skill level 5 in Earth Magic
  3419 | D:4      | Mangled by a wight

Illustrated notes

Levels and vault maps discovered:
D:1:      dpeg_arrival_signposts, layout_loops_ring,
          ebering_ecumenical_altar_ruins
D:2:      layout_loops_corners, serial_shops, nicolae_shop_behind_doors,
          nicolae_book_shop_shelving, minmay_ruptured
D:3:      layout_loops_ring, hangedman_decor_riveting, nicolae_half_adder
D:4:      layout_cave_pools, marbit_many_paths, kennysheep_small_circle

Skill      XL: |  1  2  3  4  5  6 |
---------------+-------------------+-----
Stealth        | 2 |  2.0
Spellcasting   | 3 4 |  4.1
Earth Magic    | 4 5 |  5.1
Transmutations | 2 |  2.8
Fighting       | 1 |  1.2
Dodging        | |  1.7

Action                     |  1- 3 |  4- 6 || total
---------------------------+-------+-------++-------
  Melee: Unarmed           |     1 |       ||     1
   Cast: Sandblast         |    37 |   102 ||   139
 Armour: Skin              |     3 |    25 ||    28
  Dodge: Dodged            |     8 |    54 ||    62

Table legend: (Time is in decaauts)
 A = Elapsed time spent in this place.
 B = Non-inter-level travel time spent in this place.
 C = Inter-level travel time spent in this place.
 D = Time resting spent in this place.
 E = Time spent auto-exploring this place.
 F = Levels seen in this place.
 G = Mean time per level.
                   A        B        C        D        E       F      G
               +--------+--------+--------+--------+--------+-----+--------+
         Total |   3488 |   3132 |    356 |    401 |   2253 |   4 |  872.0 |
       Dungeon |   3488 |   3132 |    356 |    401 |   2253 |   4 |  872.0 |
               +--------+--------+--------+--------+--------+-----+--------+

Top non-repeatable levels by time:
     D:3: 1104 daAuts
     D:2: 966 daAuts
     D:1: 719 daAuts
     D:4: 697 daAuts
